Map: Ever Dream LE

Players

Solar - Winner!

  • Race: Zerg Zerg
  • Spawn Location: 1:00

Serral

  • Race: Zerg Zerg
  • Spawn Location: 7:00

Event: StayAtHomestory Cup #2

VOD

Have the link to the VOD?

Description

Time

  • Played on: June 13, 2020, 1:04 p.m.
  • Length: 10:33

All games in this series

Show
View Real Time Build Order
Export as new Build Order

Solar Zerg - Winner!

Build Orders: Hatch First 

Get SALT Encoding   

  12  0:01  Drone  
  13  0:12  Overlord  
  13  0:17  Drone  
  14  0:31  Drone x2  
  16  0:47  Hatchery  
  15  0:51  Drone  
  15  0:54  Drone  
  17  0:58  Drone  
  18  1:08  Extractor  
  17  1:14  Spawning Pool  
  17  1:15  Drone  
  17  1:19  Drone  
  18  1:29  Drone  
  19  1:40  Drone  
  20  1:53  Overlord  
  20  2:00  Queen x2  
  24  2:01  Drone x2  
  26  2:08  Metabolic Boost  
  26  2:11  Drone x2  
  28  2:22  Drone x2  
  30  2:32  Hatchery  
  30  2:35  Zergling x2  
  30  2:37  Drone  
  31  2:44  Baneling Nest  
  31  2:47  Drone x2  
  32  2:53  Overlord  
  32  2:56  Drone  
  33  3:05  Drone  
  34  3:06  Zergling x2  
  34  3:09  Drone  
  34  3:11  Queen  
  34  3:12  Drone x3  
  41  3:16  Zergling x2  
  41  3:17  Zergling x2  
  43  3:26  Overlord  
  43  3:27  Drone  
  43  3:31  Evolution Chamber, Drone  
  45  3:36  Evolution Chamber, Baneling  
  44  3:45  Drone x6  
  50  3:53  Overlord  
  50  3:55  Drone  
  50  3:56  Drone  
  51  4:04  Zerg Missile Weapons Level 1, Zergling x2  
  51  4:09  Drone x2, Roach Warren  
  53  4:12  Drone x2  
  53  4:13  Drone  
  53  4:15  Drone  
  57  4:17  Lair  
  57  4:18  Drone x3  
  57  4:19  Drone  
  57  4:21  Extractor  
  57  4:22  Extractor, Overlord  
  57  4:23  Drone  
  60  4:24  Drone  
  60  4:26  Drone  
  60  4:28  Drone  
  60  4:29  Drone  
  60  4:31  Drone  
  65  4:40  Drone x2  
  65  4:42  Drone  
  68  4:46  Extractor, Pneumatized Carapace  
  68  4:47  Extractor, Drone  
  68  4:48  Drone x2  
  68  4:49  Drone x2, Overlord  
  68  4:50  Drone  
  72  4:54  Zergling x2  
  72  4:55  Zergling x2  
  72  4:57  Overlord  
  72  4:59  Extractor  
  74  5:00  Drone  
  74  5:01  Overlord  
  74  5:08  Drone x2  
  74  5:09  Drone  
  76  5:14  Drone  
  76  5:15  Overseer  
  76  5:16  Glial Reconstitution, Overseer  
  76  5:20  Drone x2  
  76  5:21  Drone  
  80  5:25  Evolution Chamber, Overlord  
  79  5:29  Overlord  
  79  5:31  Roach x4  
  79  5:34  Roach, Hatchery  
  88  5:36  Roach x2  
  88  5:42  Roach  
  94  5:43  Overlord  
  94  5:44  Drone  
  94  5:45  Drone, Spore Crawler  
  94  5:47  Baneling x3  
  95  5:51  Overlord  
  95  5:52  Overlord  
  95  5:56  Drone  
  96  5:58  Spore Crawler  
  96  5:59  Roach x4  
  103  6:04  Drone  
  103  6:06  Zerg Ground Armor Level 1  
  103  6:07  Zerg Missile Weapons Level 2  
  103  6:09  Drone  
  105  6:12  Drone x3  
  105  6:17  Unknown  
  107  6:19  Overlord  
  107  6:21  Roach x3  
  113  6:27  Roach x2  
  113  6:28  Roach x2  
  121  6:33  Overlord  
  121  6:34  Roach x3  
  121  6:38  Drone x2  
  129  6:43  Drone x3  
  129  6:47  Roach  
  129  6:48  Roach x3  
  129  6:51  Queen  
  129  6:53  Roach  
  139  6:57  Overlord  
  139  6:58  Overlord  
  137  7:01  Roach x2  
  137  7:02  Roach x2  
  137  7:06  Spire  
  144  7:09  Drone  
  144  7:11  Ravager x3  
  144  7:13  Roach x3  
  151  7:16  Overlord  
  151  7:17  Ravager x3  
  154  7:23  Roach x4  
  154  7:25  Roach  
  154  7:27  Roach x2  
  168  7:30  Overlord  
  168  7:33  Overlord x2  
  168  7:41  Roach x4  
  176  7:44  Overlord  
  176  7:47  Overlord  
  176  7:54  Roach x6  
  176  7:55  Roach  
  189  8:02  Roach  
  189  8:03  Roach x4  
  197  8:11  Roach x3  
  199  8:22  Ravager  
  196  8:35  Mutalisk x3  
  200  8:42  Mutalisk  
  200  8:43  Mutalisk x4  
  200  8:45  Mutalisk x3  
  200  8:46  Mutalisk  
  200  9:01  Infestation Pit  
  195  9:05  Ravager x5  
  200  9:30  Hydralisk Den  
  199  9:36  Roach x3  
  194  9:38  Roach  
  194  9:39  Roach, Hatchery  
  194  9:41  Roach  
  194  9:42  Roach x4  
  194  9:43  Roach x4  
  194  9:44  Roach x4  
  200  9:52  Roach  
  200  9:56  Roach  
  199  10:03  Roach x2  
  199  10:06  Roach  
Show
View Real Time Build Order
Export as new Build Order

Serral Zerg 

Build Orders: Hatch First 

Get SALT Encoding   

  12  0:01  Drone  
  13  0:13  Overlord  
  13  0:17  Drone  
  14  0:31  Drone  
  14  0:32  Drone  
  16  0:47  Hatchery  
  15  0:51  Drone  
  15  0:55  Drone  
  17  0:58  Drone  
  18  1:08  Extractor  
  17  1:13  Spawning Pool  
  17  1:16  Drone  
  17  1:19  Drone  
  18  1:28  Drone  
  19  1:40  Drone  
  20  1:50  Drone  
  21  1:59  Queen  
  21  2:00  Queen, Overlord  
  26  2:01  Zergling x2  
  26  2:10  Metabolic Boost  
  26  2:11  Drone x2  
  28  2:21  Drone  
  28  2:22  Drone  
  30  2:34  Hatchery  
  30  2:36  Drone  
  30  2:38  Drone  
  31  2:44  Drone  
  31  2:45  Baneling Nest  
  31  2:50  Overlord  
  31  2:54  Drone  
  31  2:55  Zergling x2  
  33  3:04  Drone  
  34  3:07  Drone x2  
  34  3:11  Zergling x6  
  39  3:13  Zergling x2  
  39  3:15  Overlord  
  40  3:21  Evolution Chamber, Drone  
  40  3:22  Drone  
  41  3:28  Drone  
  41  3:30  Baneling  
  41  3:32  Queen  
  44  3:39  Drone x3  
  47  3:44  Drone x2  
  47  3:45  Drone  
  47  3:47  Drone x2  
  52  3:57  Zerg Missile Weapons Level 1, Overlord  
  52  3:59  Drone x2  
  52  4:00  Drone  
  52  4:02  Drone  
  55  4:06  Drone  
  55  4:09  Zergling x2  
  57  4:12  Drone  
  57  4:14  Overlord  
  57  4:17  Lair  
  58  4:20  Extractor x2  
  58  4:22  Drone  
  58  4:23  Drone x2  
  59  4:27  Drone  
  59  4:28  Drone  
  59  4:29  Drone, Roach Warren  
  59  4:31  Drone  
  62  4:32  Drone  
  62  4:34  Overlord  
  62  4:36  Drone  
  64  4:41  Drone  
  64  4:44  Drone x4  
  64  4:45  Pneumatized Carapace  
  68  4:49  Extractor, Drone  
  68  4:50  Drone x2  
  68  4:51  Drone  
  71  4:53  Drone  
  72  5:00  Drone  
  72  5:01  Drone  
  72  5:02  Drone  
  72  5:05  Extractor x2  
  73  5:11  Drone x2  
  73  5:12  Drone  
  76  5:14  Glial Reconstitution, Overseer  
  76  5:16  Drone x5  
  76  5:21  Overlord x3  
  81  5:27  Hatchery  
  80  5:29  Roach  
  80  5:33  Evolution Chamber  
  80  5:34  Overlord  
  81  5:37  Overlord  
  81  5:40  Roach x3  
  81  5:41  Roach  
  89  5:48  Roach x2  
  89  5:49  Roach x2  
  97  5:53  Overlord  
  97  5:54  Roach x2  
  101  5:58  Spore Crawler  
  101  6:03  Zerg Ground Armor Level 1  
  101  6:04  Zerg Missile Weapons Level 2  
  100  6:06  Roach x2  
  104  6:15  Drone x5  
  104  6:18  Roach x5  
  117  6:21  Overseer  
  117  6:24  Overlord x2  
  119  6:29  Roach x3  
  125  6:33  Roach x2  
  125  6:36  Unknown  
  127  6:42  Roach  
  127  6:43  Roach x4  
  127  6:44  Roach  
  136  6:52  Roach x3  
  142  6:57  Roach x3  
  142  6:58  Roach x2  
  150  7:02  Drone  
  150  7:07  Overlord x3  
  151  7:10  Overlord  
  151  7:14  Overlord  
  151  7:15  Infestation Pit  
  149  7:26  Ravager x4  
  149  7:28  Roach x5  
  149  7:29  Roach  
  165  7:34  Ravager x2  
  166  7:40  Drone x3  
  166  7:42  Roach x5  
  166  7:44  Ravager x2  
  179  7:47  Queen  
  179  7:49  Overlord x2  
  181  7:53  Roach  
  183  8:01  Hive  
  183  8:02  Overseer  
  183  8:03  Hydralisk Den  
  182  8:06  Overlord  
  178  8:13  Roach x4  
  178  8:14  Roach  
  178  8:18  Drone x2  
  178  8:19  Drone  
  191  8:35  Grooved Spines  
  191  8:36  Spore Crawler x2  
  191  8:38  Hydralisk x6  
  199  8:47  Swarm Host, Hydralisk x3  
  194  8:52  Spore Crawler  
  194  8:54  Hydralisk x2  
  189  9:02  Roach x4  
  195  9:06  Ravager  
  195  9:07  Roach, Ravager  
  199  9:12  Burrow, Tunneling Claws  
  199  9:27  Overlord x2  
  199  9:29  Overlord  
  196  9:32  Overlord  
  177  9:40  Hydralisk x8  
  177  9:45  Hydralisk x2  
  177  9:52  Hydralisk x3  
  173  9:57  Hydralisk x2  
  165  10:10  Roach x10  
Tags
 
Add a new tag
Caveats
  • Supply blocks, unpowered buildings, or Contaminate may cause inaccurate times.
  • Supply counts are checked every 10 seconds.